Map: Ultralove

Players

KimJongun

  • Race: Protoss Protoss
  • League: Diamond
  • Spawn Location: 7:00

ManlyManMeat - Winner!

  • Race: Zerg Zerg
  • League: Diamond
  • Spawn Location: 1:00

VOD

Have the link to the VOD?

Description

Time

  • Played on: July 3, 2025, 9:55 a.m.
  • Length: 7:12
Show
View Real Time Build Order
Export as new Build Order

KimJongun Protoss 

Build Orders: 1 Gate Expand, Zealot Archon, Archon Drop, Dark Templar Rush 

Get SALT Encoding   

  12  0:01  Probe  
  13  0:13  Probe  
  14  0:21  Pylon  
  14  0:25  Probe  
  15  0:35  Probe  
  15  0:41  Gateway  
  16  0:43  Probe  
  16  0:48  Assimilator  
  17  0:54  Probe  
  18  1:06  Probe  
  19  1:25  Nexus  
  19  1:33  Cybernetics Core  
  19  1:35  Probe  
  20  1:42  Assimilator  
  20  1:49  Pylon  
  20  1:52  Probe  
  21  2:02  Adept  
  21  2:04  Probe  
  22  2:12  Warp Gate  
  22  2:13  Probe  
  24  2:21  Probe  
  25  2:30  Probe  
  25  2:31  Twilight Council  
  25  2:36  Probe  
  27  2:44  Probe  
  27  2:45  Gateway  
  27  2:47  Pylon  
  28  2:57  Robotics Facility  
  28  3:06  Pylon, Probe  
  28  3:10  Probe  
  30  3:14  Probe  
  31  3:22  Probe  
  31  3:24  Probe  
  31  3:25  Dark Shrine  
  33  3:34  Probe  
  34  3:36  Probe  
  34  3:39  Gateway  
  35  3:41  Gateway  
  37  3:51  Probe  
  37  3:52  Probe  
  37  3:57  Assimilator  
  37  3:59  Assimilator  
  37  4:02  Stalker  
  39  4:03  Probe  
  39  4:04  Probe  
  41  4:11  Warp Prism  
  43  4:29  Probe  
  44  4:37  Probe  
  44  4:38  Probe  
  46  4:47  Observer  
  46  4:50  Probe  
  48  4:54  Probe  
  48  4:57  Forge  
  49  5:02  Dark Templar x2, Probe  
  49  5:03  Dark Templar x2  
  49  5:06  Probe, Archon x2  
  59  5:11  Pylon  
  59  5:14  Pylon  
  59  5:30  Immortal  
  63  5:50  Gateway  
  63  5:51  Gateway  
  63  5:56  Pylon  
  63  5:58  Gateway  
  63  6:03  Dark Templar  
  63  6:04  Dark Templar x3  
  63  6:14  Archon x2  
  63  6:36  Sentry x3  
  69  6:40  Zealot  
  71  6:56  Stalker  
  71  6:58  Stalker  
Show
View Real Time Build Order
Export as new Build Order

ManlyManMeat Zerg - Winner!

Build Orders: Hatch First 

Get SALT Encoding   

  12  0:00  Drone  
  13  0:08  Drone  
  14  0:14  Extractor  
  14  0:16  Drone  
  15  0:21  Overlord  
  15  0:40  Drone  
  16  0:47  Hatchery  
  15  0:50  Drone  
  15  0:54  Drone  
  17  0:57  Drone  
  18  1:08  Extractor  
  17  1:14  Spawning Pool  
  17  1:18  Drone  
  17  1:19  Drone  
  18  1:26  Drone  
  19  1:37  Drone  
  20  2:00  Queen x2  
  25  2:01  Zergling x4  
  25  2:05  Overlord  
  26  2:12  Metabolic Boost  
  26  2:19  Drone x2  
  28  2:27  Drone  
  28  2:28  Drone  
  30  2:41  Queen  
  32  2:47  Hatchery  
  32  2:49  Drone  
  32  2:54  Overlord  
  32  3:01  Zergling x2  
  32  3:04  Drone x3  
  36  3:15  Drone x3  
  36  3:18  Drone x2  
  41  3:28  Drone x2  
  43  3:39  Drone  
  43  3:40  Overlord x2  
  44  3:52  Overlord x2  
  44  4:03  Drone x4  
  44  4:04  Drone x2  
  44  4:05  Spore Crawler  
  44  4:07  Spore Crawler  
  48  4:21  Evolution Chamber x2  
  48  4:23  Baneling Nest, Spore Crawler  
  44  4:24  Drone x4  
  44  4:28  Drone  
  44  4:29  Drone x3, Zergling x2  
  44  4:30  Zergling x4  
  55  4:34  Queen  
  55  4:35  Lair  
  56  4:53  Zergling x8  
  56  4:54  Zergling x6  
  56  4:59  Extractor  
  62  5:02  Drone x3  
  62  5:04  Zerg Melee Weapons Level 1  
  65  5:11  Zergling x16  
  73  5:23  Drone x3  
  75  5:40  Zergling x14  
  77  5:45  Infestation Pit  
  77  5:48  Extractor  
  74  6:17  Zergling x14, Hatchery x2  
  79  6:31  Hatchery  
  79  6:32  Drone x3  
  81  6:40  Hatchery  
  81  6:41  Baneling x5  
  80  6:47  Overlord x4  
  80  6:48  Baneling  
Tags
 
Add a new tag
Caveats
  • Supply blocks, unpowered buildings, or Contaminate may cause inaccurate times.
  • Supply counts are checked every 10 seconds.